 Dungeon Crawl Stone Soup version 0.28.0-53-g5a82cb258f (webtiles) character file.

Game seed: 3253478039080121295

61 RobertSmithOfTheCure the Chopper (level 4, -5/39 HPs)
             Began as a Hill Orc Fighter on Aug 10, 2022.
             Slain by a gnoll
             ... wielding a +0 halberd
              (10 damage)
             ... on level 2 of the Dungeon.
             The game lasted 00:05:07 (1464 turns).

RobertSmithOfTheCure the Chopper (Hill Orc Fighter) Turns: 1464, Time: 00:05:07

Health: -5/39      AC: 10    Str: 18    XL:     4   Next: 7%
Magic:  4/4        EV:  9    Int:  8    God:
Gold:   35         SH:  4    Dex: 12    Spells: 3/3 levels left

rFire   . . .      SeeInvis .   a - +0 war axe
rCold   . . .      Faith    .   c - +0 buckler
rNeg    . . .      Spirit   .   b - +0 scale mail
rPois   .          Reflect  .   (no helmet)
rElec   .          Harm     .   (no cloak)
rCorr   +          Rampage  .   (no gloves)
Will    .....                   f - +2 pair of boots {Stlth+}
Stlth   +.........              (no amulet)
HPRegen 0.13/turn               e - ring of resist corrosion
MPRegen 0.09/turn               (no ring)

@: no status effects
A: no striking features
a: no special abilities


You were on level 2 of the Dungeon.
You visited 1 branch of the dungeon, and saw 2 of its levels.

You collected 35 gold pieces.

Inventory:

Hand Weapons
 a - a +0 war axe (weapon)
Missiles
 d - 5 poisoned darts (quivered)
 i - 3 boomerangs
Armour
 b - a +0 scale mail (worn)
 c - a +0 buckler (worn)
 f - a +2 pair of boots of stealth (worn)
Jewellery
 e - a ring of resist corrosion (left hand)


   Skills:
 - Level 3.6 Fighting
 * Level 5.4 Axes
 - Level 3.2 Armour
 - Level 0.2 Dodging
 - Level 0.4 Stealth
 - Level 3.2 Shields


You had 3 spell levels left.
You didn't know any spells.
Your spell library was empty.

Dungeon Overview and Level Annotations

Branches:
Dungeon (2/15)

Altars:
Nemelex Xobeh


Message History

A gnoll comes into view. It is wielding a +0 halberd.
The gnoll shouts! x2; You hear a shout!
The bat hits you but does no damage.
You hear a shout!
You barely miss the bat.
The gnoll shouts!
You hear a shout!
The bat hits you but does no damage. x2
You closely miss the gnoll. You slash the bat!
You kill the bat!
You closely miss the gnoll. The gnoll closely misses you.
The gnoll hits you with a +0 flail!
You closely miss the gnoll. You block the gnoll's attack.
The gnoll barely misses you. The gnoll hits you with a +0 flail.
You slash the gnoll!
The gnoll is heavily wounded.
The gnoll hits you from afar with a +0 halberd.
The gnoll barely misses you.
You are too injured to fight recklessly!
You are too injured to fight recklessly!
You are too injured to fight recklessly!
You are too injured to fight recklessly!
You hit the gnoll.
The gnoll is almost dead.
The gnoll barely misses you. The gnoll closely misses you.
The gnoll hits you from afar with a +0 halberd!
* * * LOW HITPOINT WARNING * * *
You slash the gnoll!
You kill the gnoll!
The gnoll hits you but does no damage.
You have reached level 4!
You aren't carrying any scrolls.
Found 13 gold pieces.
Found 19 stones.
Found a stone staircase leading down.
A quokka comes into view.
The quokka bites you but does no damage.
A gnoll comes into view. It is wielding a +0 club.
You hit the quokka but do no damage.
The gnoll hits you from afar with a +0 halberd!
You die...

#.##.#
#.####........ #
#.##g#
#...)ggw...... #
#.##.#
###########..w #
#.##g# ###
#.##.# #..
##.##.# .....#
##...#.########
...##.
........g.g.g..#
.. .
###.#.#.######@#
## ##..# #r# #.#
##.# ..g #.. $.#
.#.#. ### #(.
.....>. ### ##
... #. ### .. ##
.##### ......


You could see 4 gnolls and a quokka.

Vanquished Creatures
  2 adders (D:2)
  A gnoll (D:2)
  An orc (D:2)
  6 bats
  An endoplasm (D:1)
  A giant cockroach (D:2)
  4 hobgoblins (D:1)
  2 jackals (D:1)
  4 kobolds
  3 quokkas
  A ball python (D:1)
  A frilled lizard (D:1)
  3 goblins (D:1)
30 creatures vanquished.

Notes
Turn   | Place    | Note
-------+----------+-------------------------------------------
     0 | D:1      | RobertSmithOfTheCure the Hill Orc Fighter began the quest
                  | for the Orb.
     0 | D:1      | Reached XP level 1. HP: 19/19 MP: 1/1
    88 | D:1      | Reached skill level 3 in Axes
   310 | D:1      | Reached XP level 2. HP: 24/26 MP: 2/2
   313 | D:1      | Found a faded altar of an unknown god.
   398 | D:1      | Reached skill level 4 in Axes
   632 | D:1      | Reached XP level 3. HP: 28/31 MP: 3/3
  1003 | D:2      | Found a sparkling altar of Nemelex Xobeh.
  1088 | D:2      | Reached skill level 5 in Axes
  1442 | D:2      | Reached XP level 4. HP: 2/39 MP: 4/4
  1464 | D:2      | Slain by a gnoll

Illustrated notes

Levels and vault maps discovered:
D:1:      kilobyte_arrival_exit_the_forest, layout_rooms,
          ebering_ecumenical_altar_rust, patterned_corridor
D:2:      layout_loops_ring, basic_altar, kennysheep_generic_room_14

Skill      XL: |  1  2  3 |
---------------+----------+-----
Axes           | 3 4 5 |  5.4
Fighting       | |  3.6
Armour         | |  3.2
Dodging        | |  0.2
Stealth        | |  0.4
Shields        | |  3.2

Action                   |  1- 3 |  4- 6 || total
-------------------------+-------+-------++-------
Melee: War axe           |    89 |     1 ||    90
  Use: Potion            |     7 |       ||     7
       Scroll            |     6 |       ||     6
Armor: Scale mail        |    51 |     1 ||    52
Dodge: Dodged            |    65 |       ||    65
Block: Buckler           |    23 |       ||    23
